 Dungeon Crawl Stone Soup version 0.30.0-29-ga12c61a403 (webtiles) character file.

Game seed: 15564573213708557415

65 Graphine the Sneak (level 4, -4/30 HPs)
             Began as an Octopode Brigand on June 22, 2023.
             Slain by a gnoll
             ... wielding a +0 flail
              (12 damage)
             ... on level 3 of the Dungeon.
             The game lasted 00:02:57 (1312 turns).

Graphine the Sneak (Octopode Brigand)               Turns: 1312, Time: 00:02:57

Health: -4/30      AC:  1    Str: 10    XL:     4   Next: 14%
Magic:  4/4        EV: 13    Int: 13    God:
Gold:   126        SH:  0    Dex: 15    Spells: 3/3 levels left

rFire   . . .        a - +2 dagger
rCold   . . .        (no shield)
rNeg    . . .        (helmet restricted)
rPois   .            (no amulet)
rElec   .            (no ring)
rCorr   .            (no ring)
SInv    .            (no ring)
Will    .....        (no ring)
Stlth   ++++         (no ring)
HPRegen 0.25/turn    (no ring)
MPRegen 0.09/turn    (no ring)
                     (no ring)

%: no passive effects
@: no status effects
A: almost no armour, amphibious, 8 rings, camouflage 1, gelatinous body 1,
(nimble swimmer 1), tentacles
a: no special abilities


You were on level 3 of the Dungeon.
You visited 1 branch of the dungeon, and saw 3 of its levels.

You collected 126 gold pieces.

Inventory:

Hand Weapons
 a - a +2 dagger (weapon)
Missiles
 b - 14 poisoned darts
 c - 3 curare-tipped darts
 k - 4 javelins (quivered)
Jewellery
 e - a ring of fire
Scrolls
 d - a scroll of identify
 j - a scroll of teleportation
Potions
 g - 2 potions of lignification
 i - 2 potions of might


   Skills:
 + Level 2.5 Fighting
 + Level 2.5 Short Blades
 - Level 2.0 Throwing
 + Level 1.8 Dodging
 * Level 6.4 Stealth


You had 3 spell levels left.
You didn't know any spells.
Your spell library contained the following spells:

 Spells                   Type           Power      Damage    Failure   Level
 Hailstorm                Conj/Ice       0%         3d3       67%         3
 Ice Form                 Ice/Tmut       0%         N/A       97%         4
 Simulacrum               Ice/Necr       0%         N/A       100%        6


Dungeon Overview and Level Annotations

Branches:
Dungeon (3/15)

Altars:


Innate Abilities, Weirdness & Mutations

You cannot wear most types of armour.
You are amphibious.
You can wear up to eight rings at the same time.
Your skin changes colour to match your surroundings (Stealth+).
Your rubbery body absorbs attacks. (AC +1, EV +1)
((You are camouflaged when in or above water. (Stealth+)))
You have tentacles for arms and can constrict up to eight enemies at once.


Message History

2 gnolls come into view.
The gnoll shouts!
The helpless endoplasm fails to defend itself.
You impale the endoplasm!!
You kill the endoplasm!
A gnoll comes into view. It is wielding a +0 flail.
The gnoll shouts! x2
The gnoll hits you with a +0 halberd!
You hit the gnoll. Your grab misses the gnoll. You squeeze the gnoll!
You kill the gnoll!
You throw a javelin. The javelin pierces through the gnoll.
The gnoll is moderately wounded.
The gnoll hits you with a +0 flail!
* * * LOW HITPOINT WARNING * * *
Okay, then.
Okay, then.
You hit the gnoll. You grab the gnoll. You squeeze the gnoll.
The gnoll is severely wounded.
You constrict the gnoll, but do no damage.
You hit the gnoll but do no damage.
The gnoll is severely wounded.
You constrict the gnoll. The gnoll hits you with a +0 flail.
* * * LOW HITPOINT WARNING * * *
The gnoll hits you with a +0 flail.
* * * LOW HITPOINT WARNING * * *
You hit the gnoll but do no damage. You squeeze the gnoll.
You kill the gnoll!
The gnoll closely misses you.
You have reached level 4!
You feel better. The gnoll closely misses you.
You barely miss the gnoll. You grab the gnoll.
You constrict the gnoll, but do no damage.
The gnoll closely misses you.
You hit the gnoll.
The gnoll is moderately wounded.
You constrict the gnoll. The gnoll completely misses you.
You hit the gnoll.
The gnoll is heavily wounded.
You constrict the gnoll. The gnoll hits you with a +0 flail!
You die...

.... #... #..#.#
#..#.# # #..#.#
.#
########..#.##..
.........!.....
##<..#.##
#g@.....##
......)###....#
.###... #....#
...## ###..#
#... ...# #(#
##.# #. .# # #


You could see a gnoll.

Vanquished Creatures
  2 gnolls (D:3)
  A worm (D:2)
  2 dart slugs (D:2)
  4 ball pythons (D:1)
  5 endoplasms
  A giant cockroach (D:1)
  3 goblins
  2 hobgoblins
  4 quokkas
  2 bats (D:1)
  2 frilled lizards (D:2)
  4 kobolds
  7 rats
39 creatures vanquished.

Notes
Turn   | Place    | Note
-------+----------+-------------------------------------------
     0 | D:1      | Graphine the Octopode Brigand began the quest for the Orb.
     0 | D:1      | Reached XP level 1. HP: 14/14 MP: 1/1
   271 | D:1      | Reached XP level 2. HP: 19/19 MP: 2/2
   730 | D:2      | Reached XP level 3. HP: 14/24 MP: 3/3
   807 | D:2      | Reached skill level 6 in Stealth
  1307 | D:3      | HP: 1/25 [gnoll/+0 flail (3)]
  1309 | D:3      | Reached XP level 4. HP: 1/30 MP: 4/4
  1312 | D:3      | Slain by a gnoll

Illustrated notes

Levels and vault maps discovered:
D:1:      erik_arrival_blinker_ship, layout_basic, bh_walls_and_bars
D:2:      layout_rooms
D:3:      layout_loops_corners, minmay_quantized

Skill      XL: |  1  2  3 |
---------------+----------+-----
Stealth        | 6 |  6.4
Fighting       | |  2.5
Short Blades   | |  2.5
Throwing       | |  2.0
Dodging        | |  1.8

Action                     |  1- 3 |  4- 6 || total
---------------------------+-------+-------++-------
  Melee: Dagger            |    55 |     3 ||    58
         Constrict         |    11 |     1 ||    12
         Tentacles         |     7 |       ||     7
  Throw: Javelin           |     6 |       ||     6
         Dart              |     2 |       ||     2
    Use: Scroll            |     6 |       ||     6
         Potion            |       |     1 ||     1
   Stab: Sleeping          |    18 |       ||    18
 Armour: Skin              |     2 |       ||     2
  Dodge: Dodged            |    18 |     3 ||    21
